 Dungeon Crawl Stone Soup version 0.23.0 (webtiles) character file.

Game seed: 15080406044675039608

11932 Infinimo the Grappler (level 11, -4/100 HPs)
             Began as a Minotaur Monk on Feb 12, 2019.
             Was a High Priest of Makhleb.
             Slain by Harold
             ... wielding a +1 battleaxe of distortion
              (17 damage)
             ... on level 10 of the Dungeon.
             The game lasted 00:25:12 (16713 turns).

Infinimo the Grappler (Minotaur Monk)              Turns: 16713, Time: 00:25:12

Health: -4/100     AC: 18    Str: 19    XL:     11   Next: 55%
Magic:  10/10      EV:  6    Int:  3    God:    Makhleb [*****.]
Gold:   541        SH:  0    Dex: 17    Spells: 10/10 levels left

rFire    + . .     SeeInvis .     - Unarmed
rCold    . . .     Gourm    .   (no shield)
rNeg     + . .     Faith    +   B - +0 plate armour
rPois    .         Spirit   .   (helmet restricted)
rElec    .         Reflect  .   (no cloak)
rCorr    +         Harm     .   (no gloves)
MR       .....                  u - +3 pair of boots of Bitterness {rF+ rN+ Int-4 Dex+4}
Stlth    ..........             i - amulet of faith
HPRegen  0.26/turn              p - ring of resist corrosion
MPRegen  0.12/turn              (no ring)

@: vulnerable, held
A: retaliatory headbutt, horns 2
a: Minor Destruction, Lesser Servant of Makhleb, Major Destruction, Greater
Servant of Makhleb, Renounce Religion


You were on level 10 of the Dungeon.
You worshipped Makhleb.
Makhleb was extremely pleased with you.
You were not hungry.

You visited 2 branches of the dungeon, and saw 11 of its levels.
You also visited: Ossuary.

You collected 541 gold pieces.

Inventory:

Armour
 u - the +3 pair of boots of Bitterness (worn) {rF+ rN+ Int-4 Dex+4}
   (You found it on level 10 of the Dungeon)

   It affects your intelligence (-4).
   It affects your dexterity (+4).
   It protects you from fire.
   It protects you from negative energy.
 B - a +0 plate armour (worn)
Jewellery
 i - an amulet of faith (around neck)
 j - an uncursed amulet of the acrobat {unknown}
 l - an uncursed amulet of the gourmand {unknown}
 m - an uncursed amulet of rage {unknown}
 o - an uncursed ring of ice {unknown}
 p - a ring of resist corrosion (left hand)
Wands
 A - a wand of clouds (9)
 C - a wand of iceblast (8)
Scrolls
 a - a scroll of fog
 d - 2 scrolls of noise
 g - 4 scrolls of remove curse
 n - 3 scrolls of enchant armour
 q - 3 scrolls of identify
 s - 2 scrolls of magic mapping
 z - 2 scrolls of enchant weapon
Potions
 e - a potion of magic
 f - a potion of curing
 h - 5 potions of flight
 k - 4 potions of brilliance
 r - a potion of mutation
Comestibles
 b - 21 rations
 t - 4 chunks of flesh


   Skills:
 + Level 10.2 Fighting
 + Level 9.5 Armour
 - Level 9.0 Dodging
 - Level 3.2 Stealth
 * Level 13.3 Unarmed Combat


You had 10 spell levels left.
You didn't know any spells.
Your spell library contained the following spells:

 Spells                   Type           Power        Failure   Level  Hunger
 Animate Skeleton         Necr           N/A          100%        1    ##.....
 Pain                     Necr           #...         100%        1    ##.....
 Regeneration             Chrm/Necr      #.........   100%        3    ####...
 Vampiric Draining        Necr           #.........   100%        3    ####...
 Animate Dead             Necr           N/A          100%        4    #####..


Dungeon Overview and Level Annotations

Branches:
Dungeon (10/15)            Temple (1/1) D:7
   Lair: D:8-11         Orc: D:9-12

Altars:
Ashenzari
Cheibriados
Dithmenos
Elyvilon
Fedhas
Gozag
Hepliaklqana
Kikubaaqudgha
Makhleb
Nemelex Xobeh
Okawaru
Qazlal
Ru
Sif Muna
Trog
Uskayaw
Vehumet
Wu Jian
Xom
Yredelemnul
Zin
The Shining One

Shops:
D:8 ::=

Annotations:
D:10 Harold


Innate Abilities, Weirdness & Mutations

You reflexively headbutt those who attack you in melee.
You have a pair of horns on your head.


Message History

The bolt of electricity hits you!
* * * LOW HITPOINT WARNING * * *
You struggle against the net.
The electric eel shoots out a bolt of lightning at you!
The bolt of electricity hits you!
* * * LOW HITPOINT WARNING * * *
Harold says, "My wife will appreciate not having to wash blood out of my clothes anymore."
Space warps horribly around you!
* * * LOW HITPOINT WARNING * * *
You feel better.
You feel better.
Harold hits you with a +1 battleaxe of distortion.
* * * LOW HITPOINT WARNING * * *
Space warps horribly around you!
* * * LOW HITPOINT WARNING * * *
You feel better.
Harold hits you with a +1 battleaxe of distortion.
* * * LOW HITPOINT WARNING * * *
Space warps horribly around you!
You die...

(.....'.### #..........'[)÷#.h...
÷.....#.[.###..........###(#.....
......###...#..........# #.'.....
#'##### ###.'....$.....# ###.....
#.# ###..........# #..... #.#
#####..........# ####+# #.#
##...............# #.#
#.........h......# #.#
#..≈...≈≈@@.≈....# #.#
#...≈≈≈≈≈.;.≈≈...# #.#
#..≈≈≈≈≈≈.≈.≈≈(≈.# #
......≈≈≈≈.≈≈≈≈≈..#
###.≈..≈≈≈.≈≈≈≈≈..#
#..≈≈.≈≈.≈≈≈≈... #..≈≈≈.≈..≈≈≈...
#.≈≈≈≈≈≈...≈≈≈..


You could see Harold, a hound and an electric eel.

Vanquished Creatures
  A two-headed ogre (D:8)
  2 deep trolls
  6 trolls
  A queen bee (D:10)
  3 hippogriffs
  15 yaks
  Menkaure (D:5)
  A steam dragon (D:8)
  A water moccasin (D:9)
  Duvessa (D:7)
  3 orc warriors
  2 black bears
  2 phantoms
  3 sky beasts (D:8)
  4 ice beasts
  2 ogres
  A centaur (D:9)
  The ghost of DildoBatman the Conjurer, an amateur FoWz (D:3)
  2 wolves
  2 big kobolds
  A gnoll sergeant (D:9)
  5 bullfrogs
  Dowan (D:7)
  A scorpion (D:7)
  18 killer bees
  2 electric eels
  4 howler monkeys
  6 crimson imps
  A bullfrog zombie (D:7)
  A centaur zombie (D:5)
  6 hounds
  2 jellies
  17 orc wizards
  A bullfrog skeleton (D:8)
  A centaur skeleton (D:4)
  12 orc priests
  Jessica (D:2)
  Natasha (thrice) (D:3)
  4 iguanas
  5 worker ants
  A hound skeleton (D:4)
  5 mummies
  8 gnolls
  13 adders
  2 shadow imps (D:8)
  An ooze (D:2)
  3 adder skeletons
  3 worms
  A dart slug (D:1)
  4 leopard geckos
  44 orcs
  2 ball pythons (D:2)
  4 giant cockroaches
  4 goblins
  6 hobgoblins
  8 jackals
  17 kobolds
  2 quokkas
  7 bats
  7 frilled lizards
  4 gnoll skeletons (Ossuary)
  6 gnoll zombies (Ossuary)
  2 goblin skeletons (Ossuary)
  6 goblin zombies (Ossuary)
  5 hobgoblin skeletons (Ossuary)
  3 hobgoblin zombies (Ossuary)
  6 kobold skeletons (Ossuary)
  6 kobold zombies
  5 orc skeletons (Ossuary)
  4 orc zombies
  2 quokka skeletons
  6 rats
  3 rat skeletons (Ossuary)
  2 rat zombies (Ossuary)
  A bush (D:1)
349 creatures vanquished.

Notes
Turn   | Place    | Note
-------+----------+-------------------------------------------
     0 | D:1      | Infinimo the Minotaur Monk began the quest for the Orb.
     0 | D:1      | Reached XP level 1. HP: 19/19 MP: 0/0
   200 | D:1      | Reached XP level 2. HP: 20/26 MP: 1/1
   525 | D:1      | Reached skill level 4 in Unarmed Combat
   881 | D:2      | Noticed Jessica
   884 | D:2      | Killed Jessica
   884 | D:2      | Reached XP level 3. HP: 31/31 MP: 2/2
   909 | D:1      | Reached XP level 4. HP: 19/39 MP: 3/3
  1285 | D:2      | Reached skill level 5 in Unarmed Combat
  1807 | D:2      | Reached XP level 5. HP: 23/45 MP: 4/4
  1978 | D:3      | Noticed Natasha
  2057 | D:3      | Killed Natasha
  2153 | D:3      | Reached skill level 6 in Unarmed Combat
  2337 | D:3      | Noticed Natasha
  2345 | D:3      | Killed Natasha
  2676 | D:3      | Found a runed translucent door.
  2676 | D:3      | Noticed DildoBatman's ghost (amateur FoWz)
  2693 | D:3      | Noticed Natasha
  2706 | D:3      | Killed Natasha
  2706 | D:3      | Reached skill level 1 in Armour
  2706 | D:3      | Reached XP level 6. HP: 27/52 MP: 5/5
  2990 | D:3      | Found a shattered altar of Ashenzari.
  3207 | D:3      | Killed DildoBatman's ghost
  4040 | D:4      | Reached XP level 7. HP: 45/60 MP: 6/6
  4138 | D:4      | Reached skill level 7 in Unarmed Combat
  5296 | D:5      | Entered Level 5 of the Dungeon
  5302 | D:5      | Noticed Menkaure
  5327 | D:5      | Killed Menkaure
  5327 | D:5      | Reached skill level 5 in Fighting
  5613 | D:5      | Noticed a hippogriff
  5818 | D:5      | Killed a hippogriff
  5818 | D:5      | Reached skill level 5 in Dodging
  5818 | D:5      | Reached skill level 8 in Unarmed Combat
  5818 | D:5      | Reached XP level 8. HP: 69/69 MP: 7/7
  5992 | D:5      | Found a sparkling altar of Nemelex Xobeh.
  6853 | D:6      | Found a sand-covered staircase.
  6889 | Ossuary  | Entered an ossuary
  7785 | D:6      | Reached skill level 9 in Unarmed Combat
  7866 | D:6      | Reached skill level 5 in Armour
  7913 | D:6      | Found a blossoming altar of Fedhas.
  8532 | D:7      | Reached XP level 9. HP: 78/78 MP: 8/8
  8575 | D:7      | Found a staircase to the Ecumenical Temple.
  8668 | Temple   | Entered the Ecumenical Temple
  8950 | Temple   | Became a worshipper of Makhleb the Destroyer
  8950 | Temple   | Reached * piety under Makhleb
  8950 | Temple   | Reached ** piety under Makhleb
  9130 | D:7      | Noticed Duvessa
  9132 | D:7      | Noticed Dowan
  9139 | D:7      | Killed Duvessa
  9141 | D:7      | Killed Dowan
  9377 | D:7      | Reached skill level 10 in Unarmed Combat
  9788 | D:7      | You fall through a shaft!
  9841 | D:8      | Found Cauvum's Jewellery Boutique.
  9905 | D:8      | Reached *** piety under Makhleb
 10568 | D:9      | Reached XP level 10. HP: 88/88 MP: 9/9
 10580 | D:9      | Reached skill level 11 in Unarmed Combat
 10796 | D:9      | Reached **** piety under Makhleb
 12129 | D:8      | Reached skill level 12 in Unarmed Combat
 12161 | D:8      | Reached ***** piety under Makhleb
 12173 | D:8      | Found Wusesh's Book Shoppe.
 12291 | D:8      | Found Kafescho's Book Shoppe.
 12552 | D:8      | Noticed a two-headed ogre
 12649 | D:8      | Killed a two-headed ogre
 12920 | D:9      | Found a shimmering altar of Xom.
 13019 | D:9      | Noticed a deep troll
 13023 | D:9      | Noticed a deep troll
 13075 | D:8      | Killed a deep troll
 13075 | D:8      | Reached XP level 11. HP: 46/97 MP: 10/10
 13374 | D:9      | Noticed an iron troll
 13410 | D:9      | Noticed a deep troll
 14984 | D:9      | Killed a deep troll
 15290 | D:10     | Entered Level 10 of the Dungeon
 15375 | D:10     | Reached skill level 13 in Unarmed Combat
 15390 | D:10     | Reached skill level 10 in Fighting
 16570 | D:10     | Noticed Harold
 16668 | D:10     | Got a pair of distressingly furry boots
 16688 | D:10     | Identified the +3 pair of boots of Bitterness {rF+ rN+
                  | Int-4 Dex+4} (You found it on level 10 of the Dungeon)
 16713 | D:10     | Slain by Harold

Skill      XL: |  1  2  3  4  5  6  7  8  9 10 11 |
---------------+----------------------------------+-----
Stealth        | 2 3 |  3.2
Unarmed Combat | 4 5 6 8 9 10 12 13 | 13.3
Armour         | 1 2 3 5 6 8 9 |  9.5
Fighting       | 4 5 6 8 9 10 | 10.2
Dodging        | 4 5 6 7 8 9 |  9.0

Action                   |  1- 3 |  4- 6 |  7- 9 | 10-12 || total
-------------------------+-------+-------+-------+-------++-------
Melee: Unarmed           |   105 |   159 |   415 |   435 ||  1114
       Headbutt          |    23 |    24 |    88 |    81 ||   216
       Punch             |     2 |     8 |    23 |    28 ||    61
  Use: Scroll            |     3 |     6 |     3 |    12 ||    24
       Potion            |       |     1 |     3 |    15 ||    19
 Stab: Sleeping          |     2 |     7 |       |       ||     9
  Eat: Chunk             |       |    10 |    14 |    13 ||    37
       Ration            |       |       |     2 |     2 ||     4
Armor: Robe              |    24 |    20 |     5 |       ||    49
       Skin              |       |       |     4 |    21 ||    25
       Scale mail        |       |       |    91 |    46 ||   137
       Plate armour      |       |       |       |   186 ||   186
Dodge: Dodged            |    40 |    85 |   178 |   236 ||   539
